SAAA
VIOLA SPEARHEADS @ SCRANTON SUPERNOVAS
06/15/2017
 
TOP OF THE 1ST
Rappahannock Partisans batting - Pitching for Bagley Loons : RHP Jim Unknown
Pitching: RHP Jim Unknown
Batting: LHB Marvin von Seydlitz 0-0: Ball
1-0: Foul Ball, location: 2F
1-1: Ball
2-1: Swinging Strike
2-2: Ball
3-2: Strikes out swinging
Batting: LHB José Meléndez 0-0: Fly out, F8 (Popup, 4D)
Batting: RHB David Gómez 0-0: Ball
1-0: Ball
2-0: Foul Ball, location: 2F
2-1: Foul Ball, location: 2F
2-2: Strikes out swinging
Top of the 1st over - 0 run(s), 0 hit(s), 0 error(s), 0 left on base; Rappahannock 0 - Bagley 0
BOTTOM OF THE 1ST
Bagley Loons batting - Pitching for Rappahannock Partisans : RHP Jim Unknown
Pitching: RHP Jim Unknown
Batting: RHB Jim Unknown 0-0: Foul Ball, location: 2F
0-1: Ball
1-1: Foul Ball, location: 2F
1-2: Ground out 5-3 (Groundball, 56)
Batting: LHB Jim Unknown 0-0: Foul Ball, location: 2F
0-1: Ball
1-1: Ball
2-1: Fly out, F9 (Flyball, 89M)
Batting: LHB Lawrence Washington 0-0: Ball
1-0: Ball
2-0: Fly out, F8 (Flyball, 8RM)
Bottom of the 1st over - 0 run(s), 0 hit(s), 0 error(s), 0 left on base; Rappahannock 0 - Bagley 0
TOP OF THE 2ND
Rappahannock Partisans batting - Pitching for Bagley Loons : RHP Jim Unknown
Batting: RHB Steven Talley 0-0: Called Strike
0-1: Ball
1-1: Fly out, F7 (Flyball, 7S)
Batting: RHB Félix Flores 0-0: Foul Ball, location: 2F
0-1: Foul Ball, location: 2F
0-2: Foul Ball, location: 2F
0-2: Ball
1-2: Ball
2-2: Foul Ball, location: 2F
2-2: Ball
3-2: Base on Balls
Batting: SHB Sancho Rivera 0-0: Foul Ball, location: 2F
0-1: Ball
1-1: SINGLE (Groundball, 56D) (infield hit)
Félix Flores to second
Batting: RHB John Gilliam 0-0: Called Strike
0-1: Ball
1-1: DOUBLE (Flyball, 89D)
Félix Flores scores
Sancho Rivera to third
Batting: RHB Jim Unknown 0-0: Ball
1-0: Ball
2-0: Swinging Strike
2-1: Fly out, F6 (Popup, 6S)
Batting: RHB Ángel López 0-0: Ball
1-0: Ball
2-0: Swinging Strike
2-1: Ground out 6-3 (Groundball, 6)
Top of the 2nd over - 1 run(s), 2 hit(s), 0 error(s), 2 left on base; Rappahannock 1 - Bagley 0
BOTTOM OF THE 2ND
Bagley Loons batting - Pitching for Rappahannock Partisans : RHP Jim Unknown
Batting: RHB Walton Stephens 0-0: Ball
1-0: Ball
2-0: Called Strike
2-1: Called Strike
2-2: Ground out 5-3 (Groundball, 56S)
Batting: RHB Jim Unknown 0-0: Swinging Strike
0-1: Ball
1-1: Swinging Strike
1-2: Ball
2-2: SINGLE (Groundball, 56D)
Batting: LHB Jim Unknown 0-0: Ball
1-0: Called Strike
1-1: Ball
2-1: Fly out, F5 (Popup, 5)
Batting: RHB Jim Unknown 0-0: Ball
1-0: Fly out, F7 (Flyball, 78M)
Bottom of the 2nd over - 0 run(s), 1 hit(s), 0 error(s), 1 left on base; Rappahannock 1 - Bagley 0
TOP OF THE 3RD
Rappahannock Partisans batting - Pitching for Bagley Loons : RHP Jim Unknown
Batting: LHB Marvin von Seydlitz 0-0: Ball
1-0: Ground out 6-3 (Groundball, 6)
Batting: LHB José Meléndez 0-0: Ball
1-0: Foul Ball, location: 2F
1-1: Foul Ball, location: 2F
1-2: Strikes out swinging
Batting: RHB David Gómez 0-0: SOLO HOME RUN (Flyball, 9D), Distance : 363 ft
Batting: RHB Steven Talley 0-0: Called Strike
0-1: Ball
1-1: Ball
2-1: Foul Ball, location: 2F
2-2: Ball
3-2: Foul Ball, location: 2F
3-2: Strikes out swinging
Top of the 3rd over - 1 run(s), 1 hit(s), 0 error(s), 0 left on base; Rappahannock 2 - Bagley 0
BOTTOM OF THE 3RD
Bagley Loons batting - Pitching for Rappahannock Partisans : RHP Jim Unknown
Batting: SHB Jim Unknown 0-0: Ball
1-0: SINGLE (Line Drive, 34D)
Batting: RHB Jim Unknown 0-0: Called Strike
0-1: Ground out 5-3 (Groundball, 5S)
Jim Unknown to second
Batting: RHB Jim Unknown 0-0: Ball
1-0: Ball
2-0: Ball
3-0: Base on Balls
Batting: LHB Jim Unknown 0-0: Ball
1-0: SINGLE (Groundball, 34S)
Jim Unknown to third
Jim Unknown to second
Runner from 3rd tries for Home, SAFE, throw made home
Jim Unknown to third
Jim Unknown to second
Batting: LHB Lawrence Washington 0-0: Ball
1-0: Foul Ball, location: 2F
1-1: Ball
2-1: Foul Ball, location: 2F
2-2: Strikes out swinging
Batting: RHB Walton Stephens 0-0: Ground out 6-3 (Groundball, 6)
Bottom of the 3rd over - 1 run(s), 2 hit(s), 0 error(s), 2 left on base; Rappahannock 2 - Bagley 1
TOP OF THE 4TH
Rappahannock Partisans batting - Pitching for Bagley Loons : RHP Jim Unknown
Batting: RHB Félix Flores 0-0: Ball
1-0: Swinging Strike
1-1: Ball
2-1: Foul Ball, location: 2F
2-2: Strikes out swinging
Batting: SHB Sancho Rivera 0-0: Ball
1-0: SINGLE (Line Drive, 4M)
Batting: RHB John Gilliam 0-0: Called Strike
0-1: Swinging Strike
0-2: Strikes out swinging
Batting: RHB Jim Unknown 0-0: Foul Ball, location: 2F
0-1: Ball
1-1: Ball
2-1: Foul Ball, location: 2F
2-2: Ball
Passed Ball!
Sancho Rivera to second
3-2: Ground out 6-3 (Groundball, 6)
Top of the 4th over - 0 run(s), 1 hit(s), 0 error(s), 1 left on base; Rappahannock 2 - Bagley 1
BOTTOM OF THE 4TH
Bagley Loons batting - Pitching for Rappahannock Partisans : RHP Jim Unknown
Batting: RHB Jim Unknown 0-0: Ball
1-0: Ball
2-0: Called Strike
2-1: Foul Ball, location: 2F
2-2: Ball
3-2: Base on Balls
Batting: LHB Jim Unknown 0-0: Fly out, F7 (Flyball, 7LM)
Batting: RHB Jim Unknown 0-0: Called Strike
0-1: Ball
1-1: Ball
2-1: Ball
3-1: Fielders Choice at 2nd, 6-4 (Groundball, 6M)
Batting: SHB Jim Unknown 0-0: Ball
1-0: Foul Ball, location: 2F
1-1: Ball
2-1: Swinging Strike
2-2: Strikes out swinging
Bottom of the 4th over - 0 run(s), 0 hit(s), 0 error(s), 1 left on base; Rappahannock 2 - Bagley 1
TOP OF THE 5TH
Rappahannock Partisans batting - Pitching for Bagley Loons : RHP Jim Unknown
Batting: RHB Ángel López 0-0: Called Strike
0-1: Ball
1-1: Ball
2-1: Called Strike
2-2: Strikes out looking
Batting: LHB Marvin von Seydlitz 0-0: Swinging Strike
0-1: Swinging Strike
0-2: Ball
1-2: Foul Ball, location: 2F
1-2: Fly out, F6 (Line Drive, 6)
Batting: LHB José Meléndez Reached via error on a dropped throw, E1
Batting: RHB David Gómez 0-0: Ball
1-0: Ball
2-0: Ball
3-0: Base on Balls
José Meléndez to second
Batting: RHB Steven Talley 0-0: Called Strike
0-1: Ball
1-1: Ground out 5-3 (Groundball, 56S)
Top of the 5th over - 0 run(s), 0 hit(s), 1 error(s), 2 left on base; Rappahannock 2 - Bagley 1
BOTTOM OF THE 5TH
Bagley Loons batting - Pitching for Rappahannock Partisans : RHP Jim Unknown
Batting: RHB Jim Unknown 0-0: Ball
1-0: Reached on error, E5 (Groundball, 56)
Batting: RHB Jim Unknown 0-0: Grounds into double play, 6-4-3 (Groundball, 6)
Batting: LHB Jim Unknown 0-0: Ball
1-0: Ball
2-0: Called Strike
2-1: Ball
3-1: Ground out U3 (Groundball, 3S)
Bottom of the 5th over - 0 run(s), 0 hit(s), 1 error(s), 0 left on base; Rappahannock 2 - Bagley 1
TOP OF THE 6TH
Rappahannock Partisans batting - Pitching for Bagley Loons : RHP Jim Unknown
Batting: RHB Félix Flores 0-0: Foul Ball, location: 2F
0-1: Foul Ball, location: 2F
0-2: SINGLE (Line Drive, 89S)
Batting: SHB Sancho Rivera 0-0: Bunted foul
0-1: Sac Bunt - play at second, runner OUT! 1-6
Batting: RHB John Gilliam 0-0: Ground out 4-3 (Groundball, 4S)
Sancho Rivera to second
Batting: RHB Jim Unknown 0-0: SINGLE (Line Drive, 34D)
Sancho Rivera to third
Batting: RHB Ángel López 0-0: Called Strike
0-1: Called Strike
0-2: Foul Ball, location: 2F
0-2: Fly out, F8 (Flyball, 8LM)
Top of the 6th over - 0 run(s), 2 hit(s), 0 error(s), 2 left on base; Rappahannock 2 - Bagley 1
BOTTOM OF THE 6TH
Bagley Loons batting - Pitching for Rappahannock Partisans : RHP Jim Unknown
Batting: LHB Lawrence Washington 0-0: Ball
1-0: Reached on error, E6 (Groundball, 6)
Batting: RHB Walton Stephens 0-0: Ball
1-0: Fly out, F7 (Flyball, 78M)
Batting: RHB Jim Unknown 0-0: Ball
1-0: Grounds into double play, 6-4-3 (Groundball, 6)
Bottom of the 6th over - 0 run(s), 0 hit(s), 1 error(s), 0 left on base; Rappahannock 2 - Bagley 1
TOP OF THE 7TH
Rappahannock Partisans batting - Pitching for Bagley Loons : RHP Jim Unknown
Batting: LHB Marvin von Seydlitz 0-0: Ball
1-0: Called Strike
1-1: Foul Ball, location: 2F
1-2: Strikes out swinging
Batting: LHB José Meléndez 0-0: Ball
1-0: Swinging Strike
1-1: Foul Ball, location: 2F
1-2: Foul Ball, location: 2F
1-2: SINGLE (Groundball, 6MD)
Batting: RHB David Gómez 0-0: Foul Ball, location: 2F
0-1: Ball
1-1: DOUBLE (Line Drive, 3L)
José Meléndez to third
Runner from 3rd tries for Home, SAFE, throw made home
Batting: RHB Steven Talley 0-0: Called Strike
0-1: Ball
1-1: Swinging Strike
1-2: Ball
2-2: Strikes out swinging
Batting: RHB Félix Flores 0-0: Called Strike
0-1: Ball
1-1: Ball
2-1: SINGLE (Line Drive, 34)
David Gómez to third
Runner from 3rd tries for Home, SAFE, no throw or cutoff
Pitching: LHP Jim Unknown
Batting: SHB Sancho Rivera 0-0: Ball
1-0: Called Strike
1-1: Ball
2-1: Foul Ball, location: 2F
2-2: Foul Ball, location: 2F
2-2: Fly out, F2 (Popup, 2RF)
Top of the 7th over - 2 run(s), 3 hit(s), 0 error(s), 1 left on base; Rappahannock 4 - Bagley 1
BOTTOM OF THE 7TH
Bagley Loons batting - Pitching for Rappahannock Partisans : RHP Jim Unknown
Batting: LHB Jim Unknown 0-0: Called Strike
0-1: Ground out 6-3 (Groundball, 6M)
Batting: RHB Jim Unknown 0-0: Swinging Strike
0-1: Ball
1-1: Ball
2-1: Foul Ball, location: 2F
2-2: Ground out 6-3 (Groundball, 6)
Batting: SHB Jim Unknown 0-0: Called Strike
0-1: Ground out 4-3 (Groundball, 4)
Bottom of the 7th over - 0 run(s), 0 hit(s), 0 error(s), 0 left on base; Rappahannock 4 - Bagley 1
TOP OF THE 8TH
Rappahannock Partisans batting - Pitching for Bagley Loons : LHP Jim Unknown
Batting: RHB John Gilliam 0-0: Called Strike
0-1: SINGLE (Line Drive, 3)
Batting: RHB Jim Unknown 0-0: Called Strike
0-1: Swinging Strike
0-2: Strikes out swinging
Batting: RHB Ángel López 0-0: Swinging Strike
0-1: Ball
1-1: Foul Ball, location: 2F
1-2: Ball
2-2: Grounds into double play, 6-4-3 (Groundball, 6M)
Top of the 8th over - 0 run(s), 1 hit(s), 0 error(s), 0 left on base; Rappahannock 4 - Bagley 1
BOTTOM OF THE 8TH
Bagley Loons batting - Pitching for Rappahannock Partisans : RHP Jim Unknown
Now at 3B: Dave Davis
Batting: RHB Jim Unknown 0-0: Ball
1-0: Ground out 5-3 (Groundball, 5S)
Batting: RHB Jim Unknown 0-0: Foul Ball, location: 2F
0-1: Ground out 5-3 (Groundball, 5)
Batting: LHB Jim Unknown 0-0: Ball
1-0: Called Strike
1-1: Called Strike
1-2: Ball
2-2: Fly out, F8 (Flyball, 8LM)
Bottom of the 8th over - 0 run(s), 0 hit(s), 0 error(s), 0 left on base; Rappahannock 4 - Bagley 1
TOP OF THE 9TH
Rappahannock Partisans batting - Pitching for Bagley Loons : LHP Jim Unknown
Pitching: LHP Jim Unknown
Batting: LHB Marvin von Seydlitz 0-0: Ball
1-0: Called Strike
1-1: Ground out 6-3 (Groundball, 6M)
Batting: RHB Dave Davis 0-0: Called Strike
0-1: Ball
1-1: Called Strike
1-2: Strikes out swinging
Batting: RHB David Gómez 0-0: Called Strike
0-1: Swinging Strike
0-2: Ball
1-2: Strikes out swinging
Top of the 9th over - 0 run(s), 0 hit(s), 0 error(s), 0 left on base; Rappahannock 4 - Bagley 1
BOTTOM OF THE 9TH
Bagley Loons batting - Pitching for Rappahannock Partisans : RHP Jim Unknown
Pitching: LHP Doug Robinson
Batting: LHB Lawrence Washington 0-0: Ball
1-0: Called Strike
1-1: Ball
2-1: Fly out, F7 (Flyball, 78S)
Batting: RHB Walton Stephens 0-0: Called Strike
0-1: Called Strike
0-2: Foul Ball, location: 2F
0-2: Ball
1-2: SINGLE (Groundball, 5D)
Batting: RHB Jim Unknown 0-0: Called Strike
0-1: Called Strike
0-2: Fly out, F8 (Flyball, 8LM)
Batting: LHB Jim Unknown 0-0: Called Strike
0-1: Swinging Strike
0-2: Ball
1-2: Ball
2-2: Foul Ball, location: 2F
2-2: Ground out 4-3 (Groundball, 4)
Bottom of the 9th over - 0 run(s), 1 hit(s), 0 error(s), 1 left on base; Rappahannock 4 - Bagley 1
This league is powered by Out of the Park Baseball, the baseball management simulation game for PC, Mac and Linux
Saturday, February 27th, 2021 - OOTP Baseball 15.6 Build 34